Map: New Repugnancy LE

Players

Dan - Winner!

  • Race: Terran Terran
  • League: Master
  • Spawn Location: 1:00

Mez

  • Race: Terran Terran
  • League: Master
  • Spawn Location: 7:00

VOD

Have the link to the VOD?

Description

Time

  • Played on: Aug. 6, 2019, 5:04 p.m.
  • Length: 9:43
Show
View Real Time Build Order
Export as new Build Order

Dan Terran - Winner!

Build Orders: Gas First Reaper Expand 

Get SALT Encoding   

  12  0:00  SCV  
  13  0:13  SCV  
  14  0:17  Supply Depot  
  14  0:25  SCV  
  15  0:28  Refinery  
  15  0:38  SCV  
  16  0:46  Barracks  
  16  0:50  SCV  
  17  1:03  SCV  
  18  1:15  SCV  
  19  1:33  Orbital Command  
  19  1:34  Reaper  
  20  1:50  Command Center  
  20  1:59  SCV  
  21  2:06  Reaper  
  21  2:07  Supply Depot  
  22  2:12  SCV  
  22  2:17  Factory  
  22  2:24  SCV  
  23  2:33  Bunker  
  23  2:36  SCV  
  24  2:38  Refinery  
  24  2:43  Barracks Reactor  
  24  2:48  SCV  
  25  3:00  SCV  
  25  3:04  Factory Tech Lab  
  26  3:09  Starport  
  26  3:11  Orbital Command  
  26  3:13  SCV  
  27  3:22  Marine x2  
  27  3:26  SCV  
  30  3:32  Siege Tank  
  33  3:37  SCV  
  33  3:38  SCV  
  35  3:41  Marine x2  
  35  3:45  Refinery  
  35  3:46  Starport Tech Lab  
  37  3:50  SCV x2  
  37  3:52  Supply Depot  
  39  4:00  Marine x2  
  39  4:02  SCV x2  
  43  4:07  Supply Depot  
  43  4:12  Raven  
  43  4:14  SCV x2  
  47  4:18  Marine x2  
  49  4:26  SCV x2  
  49  4:31  Supply Depot  
  51  4:34  Refinery, Supply Depot  
  51  4:37  Siege Tank  
  51  4:38  SCV x2  
  55  4:40  Marine x2  
  58  4:50  SCV x2  
  59  4:57  Raven  
  61  5:00  Marine x2  
  61  5:01  Supply Depot  
  61  5:02  SCV x2  
  65  5:09  Siege Tank  
  68  5:14  SCV x2  
  68  5:18  Marine x2  
  72  5:24  Command Center  
  72  5:26  SCV  
  72  5:27  SCV, Supply Depot  
  74  5:30  Supply Depot  
  74  5:38  Marine  
  74  5:40  Raven, SCV  
  74  5:41  Siege Tank  
  74  5:42  SCV  
  82  5:44  Marine  
  83  5:53  SCV  
  83  5:54  SCV  
  83  5:56  Supply Depot  
  85  5:59  Engineering Bay x2  
  85  6:03  Marine  
  85  6:04  Marine  
  87  6:05  SCV  
  87  6:06  SCV  
  89  6:15  Barracks  
  89  6:16  Barracks  
  89  6:17  SCV  
  89  6:18  SCV  
  91  6:19  Siege Tank  
  94  6:29  SCV  
  94  6:30  SCV  
  96  6:37  Supply Depot x2  
  96  6:38  Supply Depot  
  96  6:39  Stimpack, Orbital Command  
  96  6:41  Terran Infantry Armor Level 1, SCV  
  96  6:42  SCV  
  97  6:47  Marine  
  97  6:50  Terran Infantry Weapons Level 1  
  97  6:52  Siege Tank  
  97  6:53  SCV  
  102  6:54  SCV  
  103  7:03  Barracks Reactor  
  103  7:04  Barracks Reactor, Barracks  
  103  7:05  SCV, Marine, Barracks  
  105  7:09  SCV  
  105  7:13  Medivac x2  
  110  7:18  SCV  
  110  7:19  Orbital Command  
  110  7:21  SCV, Armory  
  112  7:23  Marine  
  112  7:28  Siege Tank  
  116  7:30  SCV  
  117  7:38  SCV  
  117  7:40  Marine x4  
  117  7:41  Marine  
  117  7:42  SCV  
  124  7:50  Marine  
  125  7:54  Refinery  
  125  7:57  Refinery  
  125  7:58  SCV, Marine x3  
  128  7:59  Marine x2  
  132  8:09  Barracks Reactor  
  132  8:10  Barracks Reactor  
  131  8:14  SCV  
  131  8:16  Marine x3  
  131  8:17  Marine x2  
  137  8:20  Siege Tank  
  140  8:31  Command Center, Supply Depot x2  
  140  8:33  Marine  
  140  8:34  Marine x2  
  141  8:35  Marine x2  
  141  8:36  SCV  
  146  8:49  Marine  
  146  8:51  Marine  
  146  8:52  Command Center  
  146  8:53  Marine x2  
  146  8:54  SCV  
  150  8:56  Marine  
  127  9:04  Marine  
  127  9:05  Marine  
  127  9:06  Marine  
  127  9:07  Marine  
  125  9:11  Marine x2  
  125  9:14  Marine x2  
  126  9:19  Barracks  
  126  9:23  Barracks x2  
  126  9:24  Barracks  
  133  9:26  SCV x2  
  133  9:27  Sensor Tower  
  139  9:39  Missile Turret  
  139  9:40  Missile Turret  
  139  9:42  Missile Turret  
Show
View Real Time Build Order
Export as new Build Order

Mez Terran 

Build Orders: 1/1/1 

Get SALT Encoding   

  12  0:00  SCV  
  13  0:13  SCV  
  14  0:17  Supply Depot  
  14  0:25  SCV  
  15  0:39  SCV  
  15  0:41  Barracks  
  16  0:46  Refinery  
  16  0:51  Refinery  
  16  0:54  SCV  
  17  1:06  SCV  
  18  1:18  SCV  
  19  1:32  Reaper, Orbital Command  
  20  1:42  Factory  
  20  1:52  Supply Depot  
  20  2:00  SCV  
  21  2:04  Reaper  
  22  2:16  SCV  
  23  2:27  Hellion, Starport  
  23  2:28  SCV  
  26  2:37  Barracks Reactor  
  26  2:40  SCV  
  27  2:44  Supply Depot  
  27  2:50  Factory Tech Lab  
  27  2:53  SCV  
  28  3:05  Starport Tech Lab  
  28  3:12  Command Center  
  28  3:29  Raven, SCV  
  31  3:42  Cyclone  
  35  3:53  Marine x2  
  35  3:59  Supply Depot  
  35  4:08  SCV  
  36  4:13  Raven, Command Center  
  38  4:20  SCV  
  39  4:27  Orbital Command  
  39  4:30  Siege Tank  
  42  4:32  Marine  
  42  4:36  SCV  
  44  4:48  SCV  
  45  4:53  Marine x2  
  45  4:57  Refinery  
  45  4:59  Raven, SCV  
  50  5:00  SCV  
  51  5:11  SCV  
  51  5:12  SCV, Supply Depot  
  51  5:13  Marine x2  
  55  5:23  SCV  
  55  5:25  Orbital Command  
  56  5:28  SCV  
  56  5:31  Barracks  
  56  5:32  Barracks  
  57  5:36  Siege Tank  
  60  5:45  SCV x2  
  60  5:47  Stimpack  
  62  5:53  Viking x2  
  62  5:56  SCV  
  68  5:57  SCV x2  
  68  6:02  Supply Depot  
  69  6:08  SCV  
  69  6:09  SCV  
  71  6:17  Siege Tank  
  74  6:19  SCV  
  74  6:20  SCV  
  74  6:44  Viking x2  
  74  6:45  Marine  
  78  6:47  Barracks Reactor  
  78  6:48  Barracks Reactor  
  78  6:50  Barracks  
  78  6:52  Engineering Bay, SCV x2, Barracks  
  78  6:53  Supply Depot  
  78  6:54  Engineering Bay  
  78  6:56  SCV  
  79  7:03  Marine  
  79  7:04  SCV  
  81  7:08  SCV  
  81  7:11  Siege Tank  
  81  7:13  Refinery, Orbital Command  
  85  7:16  Viking x2  
  85  7:20  Marine  
  85  7:22  Supply Depot  
  90  7:25  Marine x4  
  94  7:38  SCV x2, Marine  
  94  7:42  Barracks Reactor  
  94  7:43  Barracks Reactor  
  97  7:46  Siege Tank, Marine x4  
  97  7:49  Combat Shield  
  104  7:56  Marine  
  105  7:59  SCV  
  105  8:00  SCV x2  
  107  8:08  Marine x2  
  107  8:11  Marine  
  107  8:12  SCV  
  109  8:14  Supply Depot x4  
  109  8:23  SCV, Marine x2, Supply Depot  
  109  8:24  Armory  
  112  8:27  Marine x5  
  112  8:29  Command Center  
  117  8:35  Siege Tank, SCV, Marine  
  117  8:36  SCV x2  
  124  8:49  Marine x6  
  124  8:50  Marine x2  
  124  8:53  Marine  
  116  9:07  Marine  
  90  9:10  Marine x7  
  90  9:11  Marine  
Tags
 
Add a new tag
Caveats
  • Supply blocks, unpowered buildings, or Contaminate may cause inaccurate times.
  • Supply counts are checked every 10 seconds.